 Dungeon Crawl Stone Soup version 0.29.1-2-gbd0b4ee654 (webtiles) character file.

Game seed: 15952980090790856378

7288 Goreval the Destroyer (level 10, -12/67 (69) HPs)
             Began as a Green Draconian Conjurer on Nov 21, 2022.
             Was a Priest of Ashenzari.
             Hit by a large rock thrown by a cyclops (45 damage)
             ... on level 9 of the Dungeon.
             The game lasted 00:55:50 (15214 turns).

Goreval the Destroyer (Green Draconian Conjurer)   Turns: 15214, Time: 00:55:51

HP:   -12/67 (69)   AC:  8    Str: 10    XL:     10   Next: 89%
MP:   9/20          EV: 14    Int: 22    God:    Ashenzari [***...]
Gold: 179           SH:  0    Dex: 10    Spells: 3/23 levels left

rFire   . . .      SeeInvis +   q - +2 dagger of Curses and Power {drain, Evo, Cun} (curse)
rCold   . . .      Faith    .   (no shield)
rNeg    . . .      Spirit   .   (body armour unavailable)
rPois   +          Reflect  .   (helmet restricted)
rElec   .          Harm     .   g - +0 cloak "Seeker of Ashenzari" {Elem, Range} (curse)
rCorr   .          Rampage  .   (no gloves)
Will    +....      Clarity  +   (no boots)
Stlth   ++........              H - amulet "Shattered Together" {RegenMP, Elem, Bglg} (curse)
HPRegen 0.21/turn               w - ring "Circumscribed Regret" {Will+, Alch, Range} (curse)
MPRegen 0.57/turn               (no ring)

@: lightly drained
A: breathe noxious fumes, AC +7, unfitting armour, poison resistance,
cold-blooded
a: Breathe Noxious Fumes, Renounce Religion, Shatter the Chains


You were on level 9 of the Dungeon.
You worshipped Ashenzari.
Ashenzari was most pleased with you.
You visited 2 branches of the dungeon, and saw 10 of its levels.
You also visited: Ossuary.

You collected 623 gold pieces.
You spent 444 gold pieces at shops.

Inventory:

Hand Weapons
 q - the cursed +2 dagger of Curses and Power (weapon) {drain, Evo, Cun}
   (You took it off a goblin on level 2 of the Dungeon)

   A truly terrible weapon, it drains the life of any living foe it strikes.
   It has a curse which improves the following skills: Evocations: Evocations.
   Cunning:   Dodging and Stealth.
 x - a +2 dagger of venom
 E - a +4 short sword
Armour
 g - the cursed +0 cloak "Seeker of Ashenzari" (worn) {Elem, Range}
   (You found it on level 1 of the Dungeon)

   It has a curse which improves the following skills: Elements: Fire Magic, Ice
   Magic, Air Magic and Earth Magic.
   Ranged Combat: Ranged Weapons and Throwing.
Jewellery
 w - the cursed ring "Circumscribed Regret" (left hand) {Will+, Alch, Range}
   (You found it on level 4 of the Dungeon)

   [ring of willpower]

   Will:      It increases your willpower.
   It has a curse which improves the following skills: Alchemy: Poison Magic and
   Transmutations.
   Ranged Combat: Ranged Weapons and Throwing.
 H - the cursed amulet "Shattered Together" (around neck) {RegenMP, Elem, Bglg}
   (You bought it in a shop on level 6 of the Dungeon)

   [amulet of magic regeneration]

   It increases your rate of magic regeneration.
   It has a curse which improves the following skills: Elements: Fire Magic, Ice
   Magic, Air Magic and Earth Magic.
   Beguiling: Conjurations, Hexes and Translocations.
Wands
 D - a wand of charming (1)
 F - a wand of roots (21)
Scrolls
 a - a scroll of magic mapping
 b - 11 scrolls of noise
 d - 2 scrolls of teleportation
 h - 4 scrolls of poison
 i - a scroll of enchant weapon
 j - 2 scrolls of silence
 k - 3 scrolls of enchant armour
 m - 4 scrolls of blinking
 o - 7 scrolls of immolation
 t - 4 scrolls of fear
 y - 3 scrolls of identify
 z - a scroll of amnesia
 G - a scroll of summoning
Potions
 c - 3 potions of might
 e - 3 potions of flight
 f - 3 potions of mutation
 l - a potion of ambrosia
 n - a potion of brilliance
 p - 5 potions of heal wounds
 r - 3 potions of haste
 s - 3 potions of resistance
 u - a potion of curing
 v - a potion of lignification
 A - 3 potions of berserk rage
 B - 2 potions of magic
 C - 2 potions of attraction


   Skills:
 + Level 7.1(8.8) Dodging
 - Level 2.9(4.3) Stealth
 + Level 7.2 Spellcasting
 * Level 11.6(13.1) Conjurations
 - Level 1.4(3.0) Fire Magic
 + Level 3.2(5.3) Ice Magic
 + Level 3.4(4.9) Poison Magic
 - Level 4.1(5.6) Evocations


You had 3 spell levels left.
You knew the following spells:

 Your Spells              Type           Power      Damage    Failure   Level
a - Magic Dart            Conj           100%       1d8       1%          1
b - Searing Ray           Conj           100%       2d8       1%          2
c - Iskenderun's Mystic   Conj/Tloc      37%        2d9       4%          4
d - Poisonous Vapours     Pois/Air       38%        N/A       4%          2
e - Fulminant Prism       Conj/Hex       18%        3d11      4%          4
f - Hailstorm             Conj/Ice       48%        3d11      1%          4
g - Dazzling Flash        Conj/Hex       74%        N/A       1%          3

Your spell library contained the following spells:

 Spells                   Type           Power      Damage    Failure   Level
 Freeze                   Ice            100%       1d11      1%          1
 Frozen Ramparts          Ice            62%        1d10      2%          3
 Apportation              Tloc           16%        N/A       8%          1
 Summon Small Mammal      Summ           32%        N/A       9%          1
 Call Canine Familiar     Summ           8%         N/A       24%         3
 Summon Guardian Golem    Hex/Summ       8%         N/A       24%         3
 Corpse Rot               Necr/Pois/Air  15%        N/A       36%         4
 Starburst                Conj/Fire      21%        6d7       41%         6
 Alistair's Intoxication  Tmut/Pois      12%        N/A       61%         5


Dungeon Overview and Level Annotations

Branches:
Dungeon (9/15) Zot: 26601  Temple (1/1) D:4 Zot: 5952 Ossuary (visited)
   Lair: D:8-11         Orc: D:9-12

Altars:
Ashenzari
Cheibriados
Dithmenos
Elyvilon
Fedhas
Hepliaklqana
Kikubaaqudgha
Makhleb
Nemelex Xobeh
Okawaru
Qazlal
Ru
Sif Muna
Trog
Uskayaw
Vehumet
Wu Jian
Xom
Yredelemnul
Zin
The Shining One

Shops:
D:2 ?   D:5 *   D:6 =

Annotations:
D:7 4 runed translucent doors


Innate Abilities, Weirdness & Mutations

You can breathe blasts of noxious fumes.
Your lurid green scales are hard. (AC +7)
You cannot fit into any form of body armour.
Your system is resistant to poisons. (rPois)
You are cold-blooded and may be slowed by cold attacks.


Message History

You start resting.
A wight is nearby!
Aim: a wight, wielding a +0 halberd and wearing a +0 robe (83% to hit)
The searing ray hits the wight! (Press . to maintain the ray.)
The searing ray hits the wight.
The wight hits you from afar with a +0 halberd.
You feel drained.
The searing ray hits the wight!
You destroy the wight!
There is an open door here.
You start resting.
You start resting.
Things that are here:
a +0 halberd; a +0 robe You start waiting.
A cyclops is nearby!
You conjure a prism of explosive energy!
A fulminant prism comes into view.
Okay, then.
Aim: a cyclops, quivering large rocks (ally target) Poisonous vapours surround the cyclops!
The cyclops is poisoned.
Your fulminant prism crackles loudly.
Aim: a cyclops, quivering large rocks (lightly wounded, poisoned, ally target) Poisonous vapours surround the cyclops!
The cyclops looks even sicker. (Press . to maintain the ray.)
The searing ray hits the cyclops!
The searing ray hits the cyclops.
You finish channelling your searing ray.
Aim: a cyclops, quivering large rocks (almost dead, very poisoned) Poisonous vapours surround the cyclops!
The cyclops looks even sicker.
The cyclops throws a large rock.
The large rock hits you!!
Ouch! That really hurt!
Aim: a cyclops, quivering large rocks (almost dead, very poisoned) Poisonous vapours surround the cyclops!
The cyclops looks as sick as possible!
Things that are here:
a +0 halberd; a +0 robe The cyclops throws a large rock.
The large rock hits you!!!
Ouch! That really hurt!
You die...

#############
#.<.........#
#...........# *
#...........#
#...........# , *
#........>..+ , +
#.........<.# *
#########'### * #...)@#
#C##### #.* #)# #.
##)####### ###.######
#........# ###.........
#........# ##...........
#....~≈.P♣♣♣P.~~........
#....~≈P....CP~≈......(.
#.....PP♣♣.♣♣PP...<.....


You could see a cyclops (very poisoned).

Vanquished Creatures
  A two-headed ogre (D:8)
  Maurice (D:7)
  Joseph (D:7)
  A hornet (D:7)
  Grinder (D:3)
  15 yaks
  A wraith (D:5)
  A steam dragon (D:8)
  2 water moccasins
  2 ice beasts
  2 orc warriors (D:7)
  3 centaurs
  A phantom (D:6)
  Blork the orc (D:6)
  3 kobold brigands
  2 scorpions (D:5)
  A bullfrog (D:8)
  A water moccasin zombie (D:5)
  9 wights
  2 howler monkeys
  A bullfrog zombie (D:5)
  3 jellies
  3 centaur zombies
  4 human zombies
  2 hounds
  9 orc priests
  A gnoll bouda (D:8)
  4 iguanas
  3 scorpion zombies (D:5)
  5 orc wizards
  2 hound zombies (D:5)
  4 mummies
  Robin (D:3)
  6 gnolls (D:8)
  6 adders
  A shadow imp (D:5)
  A white imp (D:7)
  A worm (D:2)
  A dart slug (D:2)
  40 orcs
  7 endoplasms
  3 giant cockroaches (D:4)
  A gnoll zombie (Ossuary)
  16 goblins
  7 hobgoblins
  4 jackals
  2 quokkas
  5 ball pythons
  5 bats
  2 frilled lizards (D:7)
  13 kobolds
  2 kobold zombies (Ossuary)
  An orc zombie (Ossuary)
  5 rats
222 creatures vanquished.

Vanquished Creatures (others)
  A kobold (D:8)
  A butterfly (D:9)
  10 fulminant prisms
  24 plants (D:8)
36 creatures vanquished.

Grand Total: 258 creatures vanquished

Notes
Turn   | Place    | Note
-------+----------+-------------------------------------------
     0 | D:1      | Goreval the Draconian Conjurer began the quest for the Orb.
     0 | D:1      | Reached XP level 1. HP: 14/14 MP: 3/3
   840 | D:1      | Reached XP level 2. HP: 20/20 MP: 1/5
  1252 | D:2      | Learned a level 2 spell: Searing Ray
  1268 | D:2      | Found Secriz Zigi's Magic Scroll Shoppe.
  1273 | D:2      | Bought a scroll of identify for 24 gold pieces
  1779 | D:2      | Reached XP level 3. HP: 23/26 MP: 2/6
  2106 | D:2      | Identified the +1 robe of Magic {rCorr Slay+2}
  2590 | D:3      | Reached XP level 4. HP: 33/33 MP: 2/7
  2595 | D:3      | Learned a level 3 spell: Dazzling Flash
  2740 | D:3      | Reached skill level 5 in Conjurations
  3143 | D:3      | Noticed Robin
  3368 | D:3      | Found a snail-covered altar of Cheibriados.
  3509 | D:3      | Found a hazy altar of Hepliaklqana.
  3509 | D:3      | Noticed Grinder
  3530 | D:3      | Paralysed by Grinder for 5 turns
  3535 | D:3      | Killed Grinder
  3536 | D:3      | Reached XP level 5. HP: 5/38 MP: 6/10
  3536 | D:3      | Reached XP level 6. HP: 6/45 MP: 6/11
  3804 | D:3      | Reached skill level 6 in Conjurations
  4362 | D:3      | Killed Robin
  4511 | D:4      | Found a staircase to the Ecumenical Temple.
  4525 | Temple   | Entered the Ecumenical Temple
  4566 | Temple   | Became a worshipper of Ashenzari the Shackled
  4663 | D:4      | Found a sand-covered staircase.
  4672 | Ossuary  | Entered an ossuary
  5406 | Ossuary  | Your scales start taking on a lurid green colour.
  5406 | Ossuary  | Reached XP level 7. HP: 45/50 MP: 2/12
  5406 | Ossuary  | Gained mutation: Your system is resistant to poisons.
                  | (rPois) [Green Draconian growth]
  5654 | Ossuary  | Learned a level 2 spell: Poisonous Vapours
  5659 | Ossuary  | Learned a level 4 spell: Fulminant Prism
  5687 | D:4      | Reached skill level 7 in Conjurations
  6116 | D:4      | Reached skill level 1 in Poison Magic
  6875 | D:5      | Entered Level 5 of the Dungeon
  7073 | D:5      | Reached * piety under Ashenzari
  7390 | D:5      | Noticed a wraith
  7485 | D:5      | Reached XP level 8. HP: 57/57 MP: 1/14
  7618 | D:5      | Found Nappis's Overcharged Wands.
  7872 | D:5      | Reached skill level 8 in Conjurations
  8021 | D:5      | Found an iron altar of Okawaru.
  8021 | D:5      | Found a burning altar of Makhleb.
  8445 | D:6      | Noticed Blork the orc
  8601 | D:6      | Reached ** piety under Ashenzari
  8827 | D:6      | Found a shimmering altar of Xom.
  8927 | D:6      | Found Kikhiny's Jewellery Emporium.
  9172 | D:6      | Killed Blork the orc
  9173 | D:6      | Reached skill level 1 in Evocations
  9270 | D:6      | Reached skill level 5 in Spellcasting
  9353 | D:6      | Identified the +1 robe of the Barracuda {rPois rN++ Int-2
                  | Dex-4 Archmagi}
  9600 | D:7      | Reached skill level 5 in Dodging
  9674 | D:7      | Found a bloodstained altar of Trog.
  9676 | D:7      | Found an ancient bone altar of Kikubaaqudgha.
  9676 | D:7      | Found a glowing golden altar of the Shining One.
  9676 | D:7      | Found a shadowy altar of Dithmenos.
  9709 | D:7      | Found a shimmering blue altar of Sif Muna.
  9954 | D:7      | Noticed a hornet
 10048 | D:7      | Found a sacrificial altar of Ru.
 10081 | D:7      | Reached XP level 9. HP: 62/62 MP: 11/17
 10086 | D:7      | Learned a level 4 spell: Hailstorm
 10202 | D:7      | Reached skill level 9 in Conjurations
 10361 | D:7      | Noticed Joseph
 10420 | D:5      | Reached skill level 1 in Fire Magic
 10795 | D:5      | Reached skill level 1 in Ice Magic
 10851 | D:5      | Found a basalt altar of Yredelemnul.
 11179 | D:7      | Found a huge runed translucent gate.
 11180 | D:7      | Found a huge runed translucent gate.
 11181 | D:7      | Found a huge runed translucent gate.
 11181 | D:7      | Noticed a polar bear
 11183 | D:7      | Found a huge runed translucent gate.
 11183 | D:7      | Noticed a polar bear
 11183 | D:7      | Noticed a polar bear
 11690 | D:8      | Noticed Maurice
 11764 | D:8      | Noticed a two-headed ogre
 12424 | D:7      | Reached skill level 10 in Conjurations
 12678 | D:7      | Killed Maurice
 12679 | D:7      | Reached XP level 10. HP: 62/69 MP: 5/19
 12920 | D:8      | Learned a level 4 spell: Iskenderun's Mystic Blast
 13223 | D:8      | Killed a two-headed ogre
 13405 | D:8      | Found a radiant altar of Vehumet.
 13405 | D:8      | Found a glowing silver altar of Zin.
 13719 | D:8      | Reached skill level 11 in Conjurations
 14335 | D:6      | Bought an amulet of magic regeneration for 420 gold pieces
 14341 | D:6      | Reached *** piety under Ashenzari
 14580 | D:7      | Killed Joseph
 14817 | D:9      | Noticed a cyclops
 15124 | D:9      | Found a white marble altar of Elyvilon.
 15214 | D:9      | Hit by a large rock thrown by a cyclops

Illustrated notes

Levels and vault maps discovered:
D:1:      elethiomel_arrival_quiet, layout_loops_ring, st_stairs_2
D:2:      layout_basic, serial_shops, shop
D:3:      layout_basic, worldfamousw_hep_ancestral_shrine,
          mainiacjoe_overflow_tiny_flanked, uniq_grinder, uniq_robin
D:4:      layout_layer_cave, minmay_temple_entry_arrows,
          nicolae_ossuary_entry_monument
D:5:      layout_basic, gammafunk_temple_overflow_elements,
          lemuel_mausoleum_altar_yredelemnul, st_stairs_4, minmay_misc_feat_chi,
          nicolae_shop_overcharged_wands
D:6:      layout_rooms, mainiacjoe_overflow_paths, serial_shops,
          nicolae_shop_stone, uniq_blork_the_orc
D:7:      lemuel_bear_cage, layout_loops_ring, lemuel_crystal_altar,
          nicolae_ru_great_annihilating_truth, grunt_temple_overflow_open,
          uniq_joseph
D:8:      layout_basic, mainiacjoe_overflow_divided_tiny, enter_bailey_5,
          nicolae_grassy_gnolls, uniq_maurice
D:9:      layout_roguey, nicolae_elyvilon_peaceful_grove, gammafunk_ghost_smash
Temple:   hellmonk_temple_two_chambers

Skill      XL: |  1  2  3  4  5  6  7  8  9 10 |
---------------+-------------------------------+-----
Dodging        | 2 3 4 5 6 7 |  7.1
Conjurations   | 5 6 7 8 10 11 | 11.6
Spellcasting   | 3 4 5 6 7 |  7.2
Poison Magic   | 2 3 |  3.4
Evocations     | 2 4 |  4.1
Fire Magic     | 1 |  1.4
Ice Magic      | 2 3 |  3.2
Stealth        | 2 |  2.9

Action                   |  1- 3 |  4- 6 |  7- 9 | 10-12 || total
-------------------------+-------+-------+-------+-------++-------
Melee: Unarmed           |    27 |       |       |       ||    27
       Tailslap          |     4 |       |    12 |     4 ||    20
       Dagger            |    29 |    15 |    87 |    20 ||   151
       Punch             |       |       |     2 |     1 ||     3
 Cast: Magic Dart        |    45 |    68 |   125 |    18 ||   256
       Searing Ray       |     3 |    21 |    71 |    26 ||   121
       Dazzling Flash    |       |       |     5 |       ||     5
       Poisonous Vapours |       |       |     4 |    21 ||    25
       Fulminant Prism   |       |       |     3 |     7 ||    10
       Hailstorm         |       |       |     2 |     4 ||     6
       Iskenderun's Myst |       |       |       |     5 ||     5
Invok: Curse Item        |       |       |     3 |     1 ||     4
Evoke: Wand              |       |       |     1 |     2 ||     3
  Use: Potion            |       |     1 |     1 |       ||     2
       Scroll            |       |     6 |       |       ||     6
 Stab: Sleeping          |     1 |       |     4 |       ||     5
       Invisible         |       |       |     2 |       ||     2
Armor: Skin              |    13 |    13 |    83 |    14 ||   123
Dodge: Dodged            |    33 |    25 |   192 |    37 ||   287
